 Dungeon Crawl Stone Soup version 0.28.0-45-g0d030f2227 (webtiles) character file.

Game seed: 16743891289066812752

7 olmar the Cudgeller (level 2, -1/29 HPs)
             Began as a Gnoll Chaos Knight on Apr 14, 2022.
             Was a Plaything of Xom.
             Slain by a jackal (3 damage)
             ... on level 1 of the Dungeon.
             The game lasted 00:00:48 (240 turns).

olmar the Cudgeller (Gnoll Chaos Knight)             Turns: 240, Time: 00:00:49

Health: -1/29      AC:  5    Str: 11    XL:     2   Next: 0%
Magic:  2/2        EV: 11    Int: 11    God:    Xom [..*...]
Gold:   27         SH:  0    Dex: 11    Spells: 1/1 levels left

rFire   . . .      SeeInvis .   a - +0 mace (chaos)
rCold   . . .      Faith    .   (no shield)
rNeg    . . .      Spirit   .   b - +2 leather armour
rPois   .          Reflect  .   (no helmet)
rElec   .          Harm     .   (no cloak)
rCorr   .          Rampage  .   (no gloves)
Will    .....                   (no boots)
Stlth   +.........              (no amulet)
HPRegen 0.09/turn               (no ring)
MPRegen 0.08/turn               (no ring)

@: brilliant
A: fangs 1, strong nose, distributed training
a: Renounce Religion


You were on level 1 of the Dungeon.
You worshipped Xom.
You were a toy of Xom.
You visited 1 branch of the dungeon, and saw 1 of its levels.

You collected 27 gold pieces.

Inventory:

Hand Weapons
 a - a +0 mace of chaos (weapon)
Missiles
 c - 28 bolts
Armour
 b - a +2 leather armour (worn)
Scrolls
 d - a scroll of brand weapon {unknown}
 e - a scroll of enchant weapon {unknown}


   Skills:
 + Level 6.4 Fighting
 + Level 0.2 Short Blades
 + Level 0.2 Long Blades
 + Level 0.2 Axes
 + Level 6.4 Maces & Flails
 + Level 0.2 Polearms
 + Level 0.2 Staves
 + Level 0.2 Slings
 + Level 0.2 Bows
 + Level 0.2 Crossbows
 + Level 0.2 Throwing
 + Level 4.4 Armour
 + Level 2.4 Dodging
 + Level 0.2 Stealth
 + Level 0.2 Shields
 + Level 0.2 Unarmed Combat
 + Level 0.2 Spellcasting
 + Level 0.1 Conjurations
 + Level 0.1 Hexes
 + Level 0.1 Summonings
 + Level 0.1 Necromancy
 + Level 0.1 Translocations
 + Level 0.1 Transmutations
 + Level 0.1 Fire Magic
 + Level 0.1 Ice Magic
 + Level 0.1 Air Magic
 + Level 0.1 Earth Magic
 + Level 0.1 Poison Magic
 + Level 0.3 Invocations
 + Level 0.2 Evocations


You had one spell level left.
You didn't know any spells.
Your spell library was empty.

Dungeon Overview and Level Annotations

Branches:
Dungeon (1/15)

Altars:


Innate Abilities, Weirdness & Mutations

You have very sharp teeth.
Your uncanny sense of smell can sniff out nearby items.
Your experience applies equally to all skills.


Message History

You are too injured to fight recklessly!
You are too injured to fight recklessly!
You are too injured to fight recklessly!
You are too injured to fight recklessly!
You are too injured to fight recklessly!
Unknown command.
Unknown command.
Number of times to repeat, then command key: You must enter the number of times for the command to repeat.
You barely miss something. Something barely misses you.
The goblin hits you but does no damage. Something bites you but does no damage.
Unknown command.
Unknown command.
You miss something. Something bites you but does no damage.
The goblin completely misses you. Something bites you.
Unknown command.
Unknown command.
You miss something. Your bite misses something.
The goblin hits you with a +0 club. Something bites you.
* * * LOW HITPOINT WARNING * * *
Unknown command.
You see here a +0 robe.
Something bites you but does no damage.
Okay, then.
Something bites you.
* * * LOW HITPOINT WARNING * * *
You closely miss something. Something bites you but does no damage.
You barely miss something. Something bites you.
* * * LOW HITPOINT WARNING * * *
Something bites you but does no damage.
Unknown command.
It was a potion of brilliance.
You feel clever all of a sudden. Something bites you.
* * * LOW HITPOINT WARNING * * *
You aren't carrying any items that you can evoke.
Okay, then.
You closely miss something. Something bites you.
You die... "Huh?
Did I miss anything?"

#g##.####
...h...># # #)#
#.##.##.########
#...............
#.##.##g########
#..#.##.##g#
..#.##.##.#
#.#.##.##@#
#.#.##.##.###
####...##.##...#
#......##.####.#
#.........>....#
###......##.######
..)(.....##.#
########.##.#### #
#>......#


You could see a hobgoblin and a goblin.

Vanquished Creatures
  4 jackals (D:1)
  A bat (D:1)
  A kobold (D:1)
6 creatures vanquished.

Notes
Turn   | Place    | Note
-------+----------+-------------------------------------------
     0 | D:1      | olmar the Gnoll Chaos Knight began the quest for the Orb.
     0 | D:1      | Reached XP level 1. HP: 23/23 MP: 1/1
   221 | D:1      | Reached XP level 2. HP: 29/29 MP: 2/2
   240 | D:1      | Slain by a jackal

Illustrated notes

Levels and vault maps discovered:
D:1:      minmay_arrival_doors, layout_basic, hangedman_decor_growths

Action                   || total
-------------------------++-------
Melee: Mace              ||    32
       Bite              ||     3
  Use: Potion            ||     1
Armor: Leather armour    ||    14
Dodge: Dodged            ||    19
